 Dungeon Crawl Stone Soup version 0.27.0-1-g7a089689b8 (webtiles) character file.

Game seed: 25449305461621876

6022 inmateoo the Martial Artist (level 10, -5/55 HPs)
             Began as a Vine Stalker Monk on Aug 2, 2021.
             Was a High Priest of Cheibriados.
             Slain by a vampire (7 damage)
             ... summoned by an orange crystal statue
             ... on level 10 of the Dungeon on Aug 3, 2021.
             The game lasted 00:13:20 (10045 turns).

inmateoo the Martial Artist (Vine Stalker Monk)    Turns: 10045, Time: 00:13:21

Health: -5/55      AC: 16    Str: 25    XL:     10   Next: 86%
Magic:  0/14       EV:  8    Int: 21    God:    Cheibriados [*****.]
Gold:   611        SH:  0    Dex: 31    Spells: 9/9 levels left

rFire    + + .     SeeInvis .     - Unarmed
rCold    . . .     Faith    .   (no shield)
rNeg     . . .     Spirit   +   h - +0 crystal plate armour
rPois    .         Reflect  .   (no helmet)
rElec    .         Harm     .   t - +0 cloak
rCorr    .         Rampage  .   (no gloves)
Will     +....                  (no boots)
Stlth    ..........             n - amulet of magic regeneration
HPRegen  1.18/turn              c - ring of protection from fire
MPRegen  0.39/turn              e - ring of protection from fire

@: very slow
A: fangs 3, regeneration 1, magic shield, antimagic bite, no potion heal 2
a: Renounce Religion, Bend Time, Temporal Distortion, Slouch, Step From Time


You were on level 10 of the Dungeon.
You worshipped Cheibriados.
Cheibriados was extremely pleased with you.
You visited 2 branches of the dungeon, and saw 11 of its levels.
You also visited: Sewer and Ossuary.

You collected 611 gold pieces.

Inventory:

Missiles
 f - 4 throwing nets (quivered)
Armour
 d - a +1 ring mail
 h - a +0 crystal plate armour (worn)
 t - a +0 cloak (worn)
Jewellery
 c - a ring of protection from fire (left hand)
 e - a ring of protection from fire (right hand)
 n - an amulet of magic regeneration (around neck)
 r - a +6 ring of strength
 w - a ring of protection from fire
Wands
 k - a wand of flame (47)
 A - a wand of digging (4)
 B - a wand of acid (8)
Scrolls
 b - a scroll of teleportation
 m - 3 scrolls of enchant weapon
 o - a scroll of magic mapping
 p - a scroll of silence
 u - a scroll of enchant armour
 y - 4 scrolls of identify
 z - a scroll of brand weapon
Potions
 a - 2 potions of invisibility
 g - 7 potions of curing
 i - 2 potions of ambrosia
 j - 2 potions of flight
 l - 2 potions of resistance
 q - 3 potions of mutation
 s - a potion of cancellation
 v - a potion of magic


   Skills:
 + Level 7.4 Fighting
 + Level 2.6 Armour
 - Level 6.1 Dodging
 - Level 2.4 Stealth
 * Level 11.0 Unarmed Combat
 + Level 5.0 Invocations


You had 9 spell levels left.
You didn't know any spells.
Your spell library contained the following spells:

 Spells                   Type           Power      Damage    Failure   Level
 Blink                    Tloc           N/A        N/A       100%        2
 Lesser Beckoning         Tloc           0%         N/A       100%        3
 Manifold Assault         Tloc           0%         N/A       100%        5


Dungeon Overview and Level Annotations

Branches:
Dungeon (10/15)            Temple (1/1) D:4             Orc (0/2) D:9
  Sewer (visited)         Ossuary (visited)
   Lair: D:8-11

Altars:
Cheibriados
Dithmenos
Elyvilon
Fedhas
Gozag
Hepliaklqana
Makhleb
Nemelex Xobeh
Okawaru
Qazlal
Trog
Uskayaw
Vehumet
Zin
The Shining One

Shops:
D:7 :

Annotations:
D:10 exclusion: orange crystal statue


Innate Abilities, Weirdness & Mutations

You have razor-sharp teeth.
Your natural rate of healing is unusually fast.
When hurt, damage is shared between your health and your magic reserves.
Your bite disrupts and absorbs the magic of your enemies.
Potions cannot restore your health.


Message History

You closely miss something. You punch something. You bite something.
You drain its magic.
The orc warrior hits you but does no damage.
Something hits you but does no damage. Something completely misses you.
The centaur zombie hits you but does no damage.
The centaur zombie kicks you but does no damage.
You punch the centaur zombie! You bite the centaur zombie. You drain its power.
The centaur zombie is heavily damaged.
The orc warrior hits you from afar with a +0 glaive!
Something hits you! Something bites you but does no damage.
The centaur zombie hits you but does no damage.
The centaur zombie kicks you but does no damage.
You pummel the centaur zombie!!
You destroy the centaur zombie!
The orc warrior hits you from afar with a +0 glaive!
Something hits you!
* * * LOW HITPOINT WARNING * * *
Something bites you but does no damage. The orc warrior misses you.
Something hits you but does no damage. Something bites you but does no damage.
The orc warrior hits you with a +0 glaive.
* * * LOW HITPOINT WARNING * * *
You punch the orc warrior! Your bite misses the orc warrior.
The orc warrior is moderately wounded.
Something hits you.
* * * LOW HITPOINT WARNING * * *
Something bites you but does no damage.
You closely miss the orc warrior. You bite the orc warrior!
You drain its power.
The orc warrior is heavily wounded.
The orc warrior barely misses you. Something draws life force from you!
* * * LOW HITPOINT WARNING * * *
Okay, then.
Okay, then.
You punch the orc warrior!
You kill the orc warrior!
The orc warrior's corpse dissolves into shadows!
Something hits you.
* * * LOW HITPOINT WARNING * * *
Something bites you!
You die...

#. #......# #. #......' #.
#......# # #.######
#......# #.#......#
#......# ##........#
###'#### #.........# #.#
#.......{..####### #.#
#........@..#.....# #.#
............#.....# #.#
....#.......#.....# #.#
8..###......#.....# #.#
..##........#.....###.####
#.......................
######..###..........##.
........# #.....###..##.
.#.####.# #.....# #..##.


There were no monsters in sight!

Vanquished Creatures
  A two-headed ogre (D:10)
  A deep elf zephyrmancer (D:8)
  The ghost of VincentAMV the Skirmisher, a novice GrFi of Elyvilon (D:6)
  A troll (D:10)
  A wyvern (D:8)
  A wraith (D:10)
  Eustachio (D:5)
  A water moccasin (D:7)
  A hornet zombie (Ossuary)
  5 black bears
  3 sky beasts
  3 orc warriors
  2 ogres
  A centaur (D:9)
  A kobold brigand (D:7)
  4 bullfrogs
  A gnoll sergeant (D:3)
  2 scorpions
  A wyvern zombie (Ossuary)
  2 water moccasin zombies (Ossuary)
  A water moccasin skeleton (D:6)
  3 howler monkeys
  2 bullfrog zombies
  2 jellies
  2 centaur zombies (Ossuary)
  3 hounds
  A gnoll shaman (D:6)
  4 orc priests
  2 centaur skeletons
  2 iguanas
  6 orc wizards
  A killer bee zombie (Ossuary)
  A hound skeleton (D:4)
  16 mummies (Ossuary)
  Robin (D:4)
  32 gnolls
  2 howler monkey zombies
  10 adders
  A howler monkey skeleton (D:5)
  A shadow imp (D:8)
  A white imp (D:8)
  An ufetubus (D:5)
  An adder skeleton (D:4)
  3 worms
  4 dart slugs
  38 orcs
  17 ball pythons
  4 bats
  23 endoplasms
  10 giant cockroaches
  16 goblins
  7 hobgoblins
  24 jackals
  10 kobolds
  19 quokkas
  11 frilled lizards
  A goblin zombie (D:6)
  A quokka zombie (D:6)
  6 rats
324 creatures vanquished.

Vanquished Creatures (others)
  A plant (D:3)
  8 withered plants (Ossuary)
9 creatures vanquished.

Grand Total: 333 creatures vanquished

Notes
Turn   | Place    | Note
-------+----------+-------------------------------------------
     0 | D:1      | inmateoo the Vine Stalker Monk began the quest for the Orb.
     0 | D:1      | Reached XP level 1. HP: 11/11 MP: 2/2
   173 | D:1      | Reached XP level 2. HP: 14/16 MP: 3/3
   549 | D:1      | Found a faded altar of an unknown god.
   772 | D:1      | Reached XP level 3. HP: 19/19 MP: 4/4
  1806 | D:2      | Reached skill level 4 in Unarmed Combat
  1809 | D:2      | Gained mutation: Your natural rate of healing is unusually
                  | fast. [Vine Stalker growth]
  1809 | D:2      | Reached XP level 4. HP: 23/24 MP: 5/5
  2016 | D:2      | Found a hazy altar of Hepliaklqana.
  2222 | D:3      | Found a glowing drain.
  2226 | Sewer    | Entered a sewer
  2322 | Sewer    | Reached XP level 5. HP: 20/28 MP: 2/6
  2804 | Sewer    | Reached skill level 5 in Unarmed Combat
  2804 | Sewer    | Reached XP level 6. HP: 30/33 MP: 5/7
  3417 | D:4      | Reached XP level 7. HP: 37/37 MP: 8/8
  3666 | D:4      | HP: 1/37 [acid (7)]
  3805 | D:4      | Reached skill level 6 in Unarmed Combat
  4340 | D:3      | Reached skill level 7 in Unarmed Combat
  4340 | D:3      | Gained mutation: You have razor-sharp teeth. [Vine Stalker
                  | growth]
  4340 | D:3      | Reached XP level 8. HP: 16/42 MP: 4/9
  4810 | D:4      | Found a hide-covered altar of Uskayaw.
  4811 | D:4      | Noticed Robin
  4832 | D:4      | Killed Robin
  4942 | D:4      | Reached skill level 5 in Fighting
  4960 | D:4      | Found a staircase to the Ecumenical Temple.
  4978 | Temple   | Entered the Ecumenical Temple
  5078 | Temple   | Became a worshipper of Cheibriados the Contemplative
  5078 | Temple   | Reached * piety under Cheibriados
  5078 | Temple   | Reached ** piety under Cheibriados
  5162 | D:4      | Found a bloodstained altar of Trog.
  5169 | D:4      | Found an opulent altar of Gozag.
  5170 | D:4      | Found a hazy altar of Hepliaklqana.
  5288 | D:4      | Found a sparkling altar of Nemelex Xobeh.
  5320 | D:5      | Entered Level 5 of the Dungeon
  5441 | D:5      | Found a burning altar of Makhleb.
  5558 | D:5      | Noticed Eustachio
  5575 | D:5      | Killed Eustachio
  5576 | D:5      | Reached skill level 5 in Dodging
  5576 | D:5      | Reached skill level 8 in Unarmed Combat
  5791 | D:5      | Reached XP level 9. HP: 45/48 MP: 8/10
  6133 | D:5      | Reached skill level 1 in Invocations
  6315 | D:6      | Found a sand-covered staircase.
  6324 | Ossuary  | Entered an ossuary
  6332 | Ossuary  | Reached skill level 9 in Unarmed Combat
  6497 | Ossuary  | Reached *** piety under Cheibriados
  7126 | D:6      | Found a runed translucent door.
  7127 | D:6      | Noticed VincentAMV's ghost (novice GrFi)
  7487 | D:6      | Killed VincentAMV's ghost
  7488 | D:6      | Reached skill level 10 in Unarmed Combat
  7488 | D:6      | Reached XP level 10. HP: 16/53 MP: 11/13
  7598 | D:7      | Identified a scroll of acquirement
  7598 | D:7      | Acquired a +0 crystal plate armour
  7631 | D:7      | Reached **** piety under Cheibriados
  7705 | D:7      | You fall into a shaft and drop 2 floors!
  7705 | D:9      | Found a shadowy altar of Dithmenos.
  7752 | D:9      | Found a staircase to the Orcish Mines.
  8068 | D:7      | Reached skill level 1 in Armour
  8179 | D:7      | Found Raifaog's Book Emporium.
  8722 | D:8      | Found a glowing silver altar of Zin.
  9003 | D:8      | Noticed a deep elf zephyrmancer
  9010 | D:8      | Killed a deep elf zephyrmancer
  9229 | D:9      | Reached ***** piety under Cheibriados
  9697 | D:9      | Found a blossoming altar of Fedhas.
  9763 | D:10     | Entered Level 10 of the Dungeon
  9840 | D:10     | Noticed a two-headed ogre
  9845 | D:10     | Killed a two-headed ogre
  9846 | D:10     | Reached skill level 11 in Unarmed Combat
 10009 | D:10     | Reached skill level 5 in Invocations
 10023 | D:10     | Noticed an orange crystal statue
 10044 | D:10     | HP: 2/55 [something (13)]
 10045 | D:10     | Slain by a vampire

Illustrated notes

Levels and vault maps discovered:
D:1:      minmay_arrival_stair_chambers, layout_loops_ring,
          hellmonk_ecumenical_altar_heavens_door
D:2:      layout_basic, basic_altar
D:3:      lemuel_castle_with_subvaults [lemuel_castle_interior_original],
          layout_basic, gup_sewer_entry_bowl
D:4:      layout_basic, nicolae_overflow_crystal_walls,
          nemelex_diamond_rough_becter, minitemple,
          minmay_temple_entry_steel_oval, uniq_robin
D:5:      layout_loops_corners, nicolae_overflow_hidden_temple, uniq_eustachio
D:6:      layout_basic, gammafunk_ghost_grave, enter_ossuary_4
D:7:      layout_basic, enter_bailey_5, serial_shops, nicolae_square_shop
D:8:      layout_loops_ring, old_standard_altar, guppyfry_early_elven_hall
D:9:      layout_long_grid, nicolae_dithmenos_shadow_blocks, fedhas_altar_4,
          orc_0_dummy, roderic_serpentine_path
D:10:     minmay_separated_statues, layout_basic, amcnicky_altar_gilded,
          nicolae_wu_jian_wuxing_cycle, due_lair_maze_entry_diamond
Temple:   minmay_temple_curvy_loop

Skill      XL: |  1  2  3  4  5  6  7  8  9 10 |
---------------+-------------------------------+-----
Fighting       | 3 4 5 6 7 |  7.4
Unarmed Combat | 4 5 7 8 10 11 | 11.0
Dodging        | 3 4 5 6 |  6.1
Invocations    | 3 5 |  5.0
Armour         | 2 |  2.6
Stealth        | |  2.4

Action                   |  1- 3 |  4- 6 |  7- 9 | 10-12 || total
-------------------------+-------+-------+-------+-------++-------
Melee: Unarmed           |   101 |   334 |   540 |   147 ||  1122
       Bite              |    26 |    85 |   227 |    86 ||   424
       Punch             |       |     7 |    29 |     6 ||    42
  Use: Scroll            |     3 |     2 |    13 |     5 ||    23
       Potion            |     1 |       |     4 |       ||     5
 Stab: Sleeping          |     6 |     2 |     8 |       ||    16
       Distracted        |       |       |     1 |       ||     1
Armor: Robe              |    16 |       |       |       ||    16
       Ring mail         |     5 |    96 |    94 |     3 ||   198
       Skin              |       |       |     4 |       ||     4
       Crystal plate arm |       |       |       |   112 ||   112
Dodge: Dodged            |    56 |   230 |   339 |    53 ||   678
